 Dungeon Sprint DCSS version 0.18.1-50-g88ac8fd (webtiles) character file.

1640 Kagutsuchi the Fighter (level 8, -12/84 HPs)
             Began as a Pale Draconian Berserker on Dec 25, 2016.
             Was a Priest of Jiyva.
             Mangled by a tentacle (13 damage)
             ... attached to a kraken
             ... in the Dungeon (Sprint II: "The Violet Keep of Menkaure").
             The game lasted 00:06:40 (1159 turns).

Kagutsuchi the Fighter (Pale Draconian Berserker)   Turns: 1159, Time: 00:06:40

Health: -12/84     AC:  6    Str: 20    XL:     8   Next: 66%
Magic:  8/8        EV: 17    Int:  8    God:    Jiyva [***...]
Gold:   99         SH:  4    Dex: 12    Spells: 0 memorised, 7 levels left

rFire  . . .     SeeInvis .     i - +9 quick blade
rCold  . . .     Gourm    .     (armour unavailable)
rNeg   . . .     Faith    .     j - +0 buckler (curse)
rPois  .         Spirit   .     (helmet restricted)
rElec  .         Dismiss  .     (no cloak)
rCorr  +         Reflect  .     (no gloves)
SustAt .         Harm     .     (no boots)
MR     .....     NoTele   +     (no amulet)
Stlth  +.........               (no ring)
                                (no ring)

@: not resistant to hostile enchantments, very unstealthy
A: breathe steam, unfitting armour, cold-blooded, AC +6
a: Breathe Steam, Request Jelly, Jelly Paralyse, Renounce Religion


You were in the Dungeon.
You worshipped Jiyva.
Jiyva was most pleased with you.
You were full.

You visited 1 branch You collected 820 gold pieces.
You spent 721 gold pieces at shops.

Inventory:

Hand Weapons
 a - a +0 falchion
 i - a +9 quick blade (weapon)
Armour
 j - a cursed +0 buckler (worn)
Scrolls
 h - a scroll of blinking
Potions
 c - 2 potions of curing
 d - 2 potions of heal wounds
 e - a potion of haste
 f - 2 potions of magic
 g - a potion of berserk rage


   Skills:
 + Level 12.3 Fighting
 + Level 2.4(7.4) Short Blades
 + Level 11.0(11.1) Long Blades
 + Level 10.4 Dodging
 + Level 3.3 Stealth
 + Level 1.8 Shields


You had 7 spell levels left.
You didn't know any spells.

Dungeon Overview and Level Annotations

Branches:
Dungeon (1/1)

Altars:
Cheibriados
Dithmenos
Elyvilon
Fedhas
Gozag
Kikubaaqudgha
Makhleb
Nemelex Xobeh
Okawaru
Pakellas
Qazlal
Ru
Sif Muna
Trog
Vehumet
Xom
Yredelemnul
Zin
The Shining One
Beogh
Jiyva
Lugonu

Shops:
D *:[[}=?!:(*=[%![

Annotations:
D exclusion: oklob plant


Innate Abilities, Weirdness & Mutations

You can breathe blasts of scalding, opaque steam.
Your pale cyan-grey scales are hard (AC +6).
Your body does not fit into most forms of armour.
You are cold-blooded and may be slowed by cold attacks.


Message History

* * * LOW HITPOINT WARNING * * *
Unknown command.
You open the door. The tentacle closely misses you. The tentacle slaps you!
* * * LOW HITPOINT WARNING * * *
You puncture the crocodile!
The crocodile is moderately wounded.
The crocodile misses you.
You puncture the crocodile!
Your tail-slap misses the crocodile.
The crocodile is heavily wounded.
The tentacle misses you.
You hit the crocodile.
The crocodile is severely wounded.
The tentacle slaps you!
* * * LOW HITPOINT WARNING * * *
Your unstable footing causes you to fumble your attack.
The crocodile closely misses you.
You barely miss the crocodile.
The crocodile is severely wounded.
The tentacle slaps you!
You die...

#. +.### :▓(!$$$[$?▓▓
...####▓[?=$?!$$▓▓
#..##.#▓$(?=)[(!▓▓ .#
+..#..#▓(?[%!!$(▓▓ .#
#..#..#▓?())"?()▓▓
.####..##.#▓?![?)[)$▓▓
...###...##▓▓▓▓▓▓▓+▓▓▓▓+
.....≈≈≈≈≈≈≈≈≈≈J@w──wXw≈
..§§.≈#'########t###V≈w≈
≈≈≈§.≈#.._._..J#§§§# ≈
≈≈≈≈.≈#._._._..#≈§§§#
≈≈≈≈≈≈#.._._._.#§§§§≈#
≈≈≈≈≈≈#._._._._#§§≈§≈≈
≈≈≈≈≈≈#.._._._.#≈≈§§§§
§###≈≈#..._._._#§§§≈≈ §#
#≈≈#...._._.#≈§§§


You could see a kraken, 4 tentacles, a crocodile and 2 neutral jellies (fellow
slime).

Vanquished Creatures
  A siren (D)
  A yaktaur (D)
  3 polar bears (D)
  A blink frog (D)
  Menkaure (D)
  A wasp (D)
  4 worker ants (D)
  2 worms (D)
14 creatures vanquished.

Vanquished Creatures (others)
  A swamp drake (D)
  A crocodile (D)
  3 jellies (D)
  111 tentacle segments (D)
116 creatures vanquished.

Grand Total: 130 creatures vanquished

Notes
Turn   | Place    | Note
--------------------------------------------------------------
     0 | D        | Kagutsuchi the Draconian Berserker began the quest for the Orb.
     0 | D        | Reached XP level 1. HP: 19/19 MP: 1/1
     1 | D        | Noticed a siren
    32 | D        | Killed a siren
    32 | D        | Reached skill level 9 in Fighting
    32 | D        | Reached XP level 2. HP: 11/37 MP: 2/2
    32 | D        | Reached XP level 3. HP: 14/44 MP: 3/3
    32 | D        | Reached XP level 4. HP: 16/50 MP: 4/4
    32 | D        | Reached XP level 5. HP: 18/57 MP: 5/5
    32 | D        | Reached XP level 6. HP: 20/64 MP: 6/6
   260 | D        | Noticed a boulder beetle
   260 | D        | Noticed a boulder beetle
   267 | D        | Reached ** piety under Trog
   273 | D        | Reached skill level 10 in Fighting
   277 | D        | Reached *** piety under Trog
   326 | D        | Noticed Menkaure
   335 | D        | Killed Menkaure
   335 | D        | Reached skill level 1 in Stealth
   335 | D        | Your scales start taking on a pale cyan-grey colour.
   335 | D        | Reached XP level 7. HP: 65/73 MP: 7/7
   338 | D        | Found Mioj's Distillery.
   338 | D        | Found Kusomos's Antique Armour Emporium.
   339 | D        | Found Ladiliph's Jewellery Emporium.
   339 | D        | Found Pephofoli's Armour Shoppe.
   339 | D        | Found Gastrafoa's Food Emporium.
   340 | D        | Found Ytosuox's Distillery.
   340 | D        | Found Gaiga's Book Emporium.
   340 | D        | Found Gugeraq's Antique Weapon Shoppe.
   340 | D        | Found Byumauga's General Store.
   341 | D        | Found Imuonut's Gadget Shoppe.
   341 | D        | Found Fonakoiq's Jewellery Shoppe.
   342 | D        | Found Nosiluc's Magic Scroll Emporium.
   356 | D        | Found Kuch's Antique Armour Shoppe.
   356 | D        | Found Qoemniz's Antique Armour Emporium.
   356 | D        | Noticed an oklob plant
   357 | D        | Found Wuxeicim's Assorted Antiques.
   357 | D        | Found Nithrog's Book Shoppe.
   362 | D        | Noticed a spiny frog
   373 | D        | Bought 2 potions of heal wounds for 110 gold pieces
   373 | D        | Bought a potion of curing for 33 gold pieces
   373 | D        | Bought a potion of curing for 33 gold pieces
   373 | D        | Bought a potion of heal wounds for 55 gold pieces
   377 | D        | Bought a runed quick blade for 300 gold pieces
   380 | D        | Bought a shiny buckler for 130 gold pieces
   397 | D        | Noticed a blink frog
   443 | D        | Killed a blink frog
   443 | D        | Reached **** piety under Trog
   443 | D        | Reached skill level 11 in Fighting
   869 | D        | Noticed a spiny frog
   870 | D        | Bought a meat ration for 60 gold pieces
   891 | D        | Noticed a flying skull
   891 | D        | Noticed a flying skull
   893 | D        | Noticed a flying skull
   894 | D        | Noticed a flying skull
   894 | D        | Noticed a flying skull
   895 | D        | Noticed a flying skull
   895 | D        | Noticed a flying skull
   896 | D        | Noticed a flying skull
   896 | D        | Noticed a flying skull
   897 | D        | Noticed a flying skull
   897 | D        | Noticed a flying skull
   897 | D        | Noticed a flying skull
   908 | D        | Found a white marble altar of Elyvilon.
   908 | D        | Found a corrupted altar of Lugonu.
   909 | D        | Found a blossoming altar of Fedhas.
   909 | D        | Found a roughly hewn altar of Beogh.
   909 | D        | Found a deep blue altar of Sif Muna.
   910 | D        | Found a glowing silver altar of Zin.
   910 | D        | Found an iron altar of Okawaru.
   910 | D        | Found a shimmering altar of Xom.
   911 | D        | Found an oddly glowing altar of Pakellas.
   911 | D        | Found a shadowy altar of Dithmenos.
   911 | D        | Found an ancient bone altar of Kikubaaqudgha.
   911 | D        | Found a glowing golden altar of the Shining One.
   911 | D        | Noticed a polar bear
   912 | D        | Noticed a polar bear
   915 | D        | Found a viscous altar of Jiyva.
   915 | D        | Found a sacrificial altar of Ru.
   915 | D        | Found a burning altar of Makhleb.
   916 | D        | Noticed a yaktaur
   924 | D        | Killed a polar bear
   924 | D        | Reached skill level 10 in Long Blades
   924 | D        | Reached skill level 1 in Shields
   933 | D        | Reached skill level 1 in Short Blades
   933 | D        | Reached XP level 8. HP: 70/82 MP: 8/8
   934 | D        | Found an opulent altar of Gozag.
   934 | D        | Found a sparkling altar of Nemelex Xobeh.
   944 | D        | Killed a yaktaur
   944 | D        | Reached skill level 12 in Fighting
   962 | D        | Killed a polar bear
   962 | D        | Reached ***** piety under Trog
   962 | D        | Reached skill level 10 in Dodging
   967 | D        | Found a radiant altar of Vehumet.
   967 | D        | Found a stormy altar of Qazlal.
   969 | D        | Found a basalt altar of Yredelemnul.
   970 | D        | Found a bloodstained altar of Trog.
   970 | D        | Found a snail-covered altar of Cheibriados.
  1057 | D        | Fell from the grace of Trog
  1057 | D        | Became a worshipper of Jiyva Jyptuix the Shapeless
  1118 | D        | Noticed a polar bear
  1120 | D        | Reached * piety under Jiyva
  1120 | D        | Reached ** piety under Jiyva
  1126 | D        | Killed a polar bear
  1129 | D        | Reached *** piety under Jiyva
  1137 | D        | Noticed a kraken
  1157 | D        | HP: 1/84 [tentacle[a kraken] (8)]
  1159 | D        | Mangled by a tentacle

Skill      XL: |  1  2  3  4  5  6  7  8 |
---------------+-------------------------+-----
Fighting       | 9 10 11 12 | 12.3
Long Blades    | 8 9 10 11 | 11.0
Dodging        | 7 8 9 10 | 10.4
Stealth        | 1 2 3 |  3.3
Shields        | 1 |  1.8
Short Blades   | 1 2 |  2.4

Action                   |  1- 3 |  4- 6 |  7- 9 || total
-------------------------+-------+-------+-------++-------
Melee: Falchion          |    28 |    27 |       ||    55
       Tailslap          |     5 |     2 |     8 ||    15
       Quick blade       |       |       |    79 ||    79
Invok: Berserk           |       |     1 |     2 ||     3
       Request Jelly     |       |       |     1 ||     1
  Use: Potion            |       |       |     3 ||     3
  Eat: Meat ration       |       |       |     1 ||     1
       Bread ration      |       |       |     1 ||     1
Armor: Skin              |       |     2 |    13 ||    15
Dodge: Dodged            |     1 |    14 |    44 ||    59
Block: Buckler           |       |       |     9 ||     9
